 Dungeon Crawl Stone Soup version 0.29.0-4-gdea44cf6ec (webtiles) character file.

Game seed: 7476294564416172487

81729 qw the Severer (level 14, -7/123 (135) HPs)
             Began as a Minotaur Fighter on Sept 8, 2022.
             Was an Elder of Ru.
             Killed from afar by a hell knight (14 damage)
             ... with a bolt of fire
             ... on level 2 of the Abyss.
             The game lasted 00:09:33 (27039 turns).

qw the Severer (Minotaur Fighter)                  Turns: 27039, Time: 00:09:34

HP:   -7/123 (135)  AC: 25    Str: 32    XL:     14   Next: 27%
MP:   13/13         EV:  8    Int:  5    God:    Ru [****..]
Gold: 1347          SH: 11    Dex: 10    Spells: 13/13 levels left

rFire   + . .      SeeInvis +   Y - +1 broad axe (elec)
rCold   . . .      Faith    .   c - +0 buckler
rNeg    . . .      Spirit   .   r - +0 plate armour
rPois   .          Reflect  +   p - +0 hat of Impatience {rF+}
rElec   .          Harm     .   i - +1 cloak
rCorr   .          Rampage  .   a - +2 pair of gloves
Will    +....                   k - +1 pair of boots {Stlth+}
Stlth   ..........              s - amulet of reflection
HPRegen 0.30/turn               l - ring of see invisible
MPRegen 0.13/turn               g - +6 ring of strength

@: exhausted, about to teleport, drained
A: horns 2, inability to train dodging, unskilled 1, inexperienced 1,
retaliatory headbutt, mutation resistance 1
a: Renounce Religion, Draw Out Power, Power Leap


You were on level 2 of the Abyss.
You worshipped Ru.
Ru was greatly pleased with you.
You visited 4 branches of the dungeon, and saw 22 of its levels.
You visited the Abyss 1 time.

You collected 1528 gold pieces.
You spent 181 gold pieces at shops.


Innate Abilities, Weirdness & Mutations

You have a pair of horns on your head.
You cannot train Dodging skill.
You are somewhat unskilled. (-1 Apt)
You are somewhat inexperienced. (-1 XL)
You reflexively headbutt those who attack you in melee.
You are somewhat resistant to further mutation.


   Skills:
 - Level 15.0 Fighting
 - Level 19.0 Axes
 + Level 6.8 Throwing
 - Level 14.1 Armour
 - Level 9.0 Shields


You had 13 spell levels left.
You didn't know any spells.
Your spell library was empty.

Inventory:

Hand Weapons
 q - a +0 morningstar
 Y - a +1 broad axe of electrocution (weapon)
Missiles
 n - 3 javelins (quivered)
 v - 6 boomerangs
Armour
 a - a +2 pair of gloves (worn)
 c - a +0 buckler (worn)
 h - a +2 hat
 i - a +1 cloak (worn)
 k - a +1 pair of boots of stealth (worn)
 p - the +0 hat of Impatience (worn) {rF+}
   (You acquired it on level 2 of the Lair of Beasts)

   rF:        It protects you from fire.
 r - a +0 plate armour (worn)
 y - a +2 chain mail of fire resistance
 z - a +1 hat of see invisible
Jewellery
 g - a +6 ring of strength (right hand)
 l - a ring of see invisible (left hand)
 m - a ring of protection from cold
 s - an amulet of reflection (around neck)
 w - a ring of willpower
 x - a ring of resist corrosion
Scrolls
 b - a scroll of teleportation
 f - 14 scrolls of identify
Potions
 d - 4 potions of might
 j - a potion of cancellation
 o - 8 potions of curing
 t - 3 potions of mutation
 u - 5 potions of haste

Dungeon Overview and Level Annotations

Branches:
Dungeon (15/15)            Temple (1/1) D:7            Lair (5/5) D:9
 Shoals (0/4) Lair:2       Spider (0/4) Lair:3        Slime (0/5) Lair:4
    Orc (1/2) D:12         Vaults (0/5) D:13         Depths (0/4) D:15

Altars:
Ashenzari
Cheibriados
Dithmenos
Elyvilon
Fedhas
Gozag
Hepliaklqana
Kikubaaqudgha
Makhleb
Nemelex Xobeh
Okawaru
Qazlal
Ru
Sif Muna
Trog
Uskayaw
Vehumet
Wu Jian
Xom
Yredelemnul
Zin
The Shining One
Jiyva

Shops:
D:1 [   D:4 [

Annotations:
D:2 1 runed translucent door, Crazy Yiuf
D:13 1 runed translucent door
Orc:1 Sonja


Message History

You feel drained. You block the hell knight's attack.
The hell knight mumbles some strange prayers to its god.
The hell knight seems to speed up.
The hell knight hits you but does no damage.
You block the hell knight's attack.
You slash the hell knight!
The hell knight is heavily wounded.
The hell knight barely misses you. The hell knight closely misses you.
You hit the hell knight.
You headbutt the hell knight, but do no damage.
The hell knight is severely wounded.
The hell knight hits you but does no damage.
You block the hell knight's attack.
The hell knight begins to pray, but is stunned by your conviction!
You barely miss the hell knight.
The hell knight is heavily wounded.
The hell knight hits you with a +1 demon whip of flaming!
The hell knight burns you.
You focus your inner power and blind the hell knight in retribution!
The hell knight begins to pray, but is stunned by your conviction!
The hell knight hits you from afar with a +1 glaive of flaming!
The hell knight burns you.
You slice the hell knight!!
You kill the hell knight!
The hell knight hits you with a +1 glaive of flaming.
Things that are here:
a +5 glaive of draining; a +0 plate armour You closely miss the hell knight.
The hell knight is no longer moving slowly.
The hell knight hits you but does no damage.
You block the hell knight's attack.
You barely miss the hell knight.
You redirect the hell knight's attack!
You block the hell knight's attack.
You barely miss the hell knight.
The hell knight invokes the aid of its god against you.
The bolt of fire hits the hell knight.
The hell knight completely resists.
The bolt of fire hits you! You resist.
You die...

# . .# .# #.
.. .. # ###
. .### #.
##. ###..#
#.#.###..##
#...))#p##
#...@# . .
##.##p......
## #p.##...
..## .#..
...... ##
... ..#


You could see 2 hell knights.

Vanquished Creatures
  A bone dragon (Abyss:1)
  Jorgrun (D:15)
  Rupert (D:12)
  Gastronok (D:10)
  Kirke (Lair:5)
  Nessos (D:12)
  An ettin (D:13)
  2 fire dragons
  A boulder beetle (D:14)
  Harold (D:10)
  4 hydras
  An ice dragon (D:15)
  3 catoblepae
  A fenstrider witch skeleton (Abyss:2)
  6 centaur warriors
  7 two-headed ogres
  2 tengu warriors (D:15)
  A death yak (Lair:3)
  3 hell knights (Abyss:2)
  An iron troll (D:13)
  6 skeletal warriors
  A wizard (D:15)
  A swamp dragon (Lair:5)
  3 lindwurms
  An orc knight (D:15)
  5 ugly things
  5 cyclopes
  4 manticores
  19 elephants
  Joseph (D:10)
  Maurice (D:8)
  4 black mambas
  15 cane toads
  A torpor snail (Lair:3)
  A kobold demonologist (D:13)
  An unseen horror (D:12)
  A gargoyle (D:12)
  Maggie (D:10)
  9 rime drakes
  7 komodo dragons
  A large abomination (Abyss:2)
  A wind drake (shapeshifter) (D:15)
  2 trolls
  14 blink frogs
  7 dream sheep (Lair:4)
  11 slime creatures
  Grinder (D:5)
  2 hornets
  3 vampires
  2 ynoxinuls (Abyss:1)
  A shadow (D:11)
  2 wyverns
  29 yaks
  A wraith (D:12)
  4 hogs (Lair:5)
  A basilisk (Lair:5)
  6 steam dragons
  10 vampire mosquitoes
  A chaos spawn (Abyss:2)
  Edmund (D:5)
  4 acid dragons
  16 water moccasins
  3 sky beasts
  2 ice beasts
  7 orc warriors
  6 wolves
  2 black bears
  3 ogres
  2 small abominations (Abyss:2)
  8 centaurs
  3 kobold brigands
  A necrophage (D:6)
  A gnoll sergeant (D:8)
  8 bullfrogs
  5 scorpions
  9 wights
  10 killer bees
  3 electric eels
  5 howler monkeys
  3 hounds
  A jelly (D:6)
  9 orc priests
  4 iguanas
  13 orc wizards
  4 gnolls (D:8)
  15 adders
  2 white imps (D:6)
  An ufetubus (D:5)
  A worm (D:4)
  52 orcs
  3 ball pythons (D:1)
  5 endoplasms
  5 giant cockroaches
  5 goblins
  8 hobgoblins
  5 jackals
  A quokka (D:1)
  8 bats
  4 frilled lizards
  23 kobolds
  10 rats
507 creatures vanquished.

Vanquished Creatures (others)
  A hydra (Lair:1)
  A centaur warrior (D:15)
  A skeletal warrior (D:13)
  A black mamba (Lair:5)
  24 fungi
  56 plants
84 creatures vanquished.

Grand Total: 591 creatures vanquished

Notes
Turn   | Place    | Note
-------+----------+-------------------------------------------
     0 | D:1      | qw the Minotaur Fighter began the quest for the Orb.
     0 | D:1      | Reached XP level 1. HP: 19/19 MP: 0/0
     0 | D:1      | 0 ||| qw: Version: 0.1-a-112-g44dc6cd
     0 | D:1      | 0 ||| qw: Game counter: 6815
     0 | D:1      | 0 ||| qw: Always use a shield: true
     0 | D:1      | 0 ||| qw: God list: Ru
     0 | D:1      | 0 ||| qw: Allow faded altars: false
     0 | D:1      | 0 ||| qw: Do Orc after D:15 true
     0 | D:1      | 0 ||| qw: Do second Lair branch before Depths: true
     0 | D:1      | 0 ||| qw: Lair rune preference: random
     0 | D:1      | 0 ||| qw: Plans: Normal
     0 | D:1      | 0 ||| PLANNING D:1-11
   191 | D:1      | Reached skill level 3 in Axes
   258 | D:1      | Reached XP level 2. HP: 25/26 MP: 1/1
   276 | D:1      | 276 ||| Stepping ~*~*~tactically~*~*~ (stealth).
   353 | D:1      | Found Xaaqas's Armour Emporium.
   358 | D:1      | 358 ||| SHOPLISTING +0 chain mail (58 gold, have 24).
   358 | D:1      | 358 ||| SHOPLISTING +0 leather armour of Jaiss {-Tele rPois
                  | rF- Will+++} (353 gold, have 24).
   358 | D:1      | 358 ||| SHOPLISTING +0 pair of boots (58 gold, have 24).
   358 | D:1      | 358 ||| SHOPLISTING +2 robe of fire resistance (230 gold,
                  | have 24).
   823 | D:1      | Reached skill level 4 in Axes
  1001 | D:1      | Found a faded altar of an unknown god.
  1225 | D:1      | 1225 ||| UPGRADING to +0 chain mail.
  1235 | D:1      | 1235 ||| DROPPING +0 scale mail.
  1236 | D:1      | 1236 ||| READING scroll labelled TOGOV HAIVVIC.
  1241 | D:1      | 1241 ||| READING 4 scrolls labelled ZICYSHR BOBI.
  1242 | D:1      | 1242 ||| READING 2 scrolls labelled GUBIR TO ZOUC.
  1243 | D:1      | 1243 ||| READING scroll labelled FUUROVEDGHIS.
  1244 | D:1      | 1244 ||| READING scroll labelled RAEDIR ALISTRO.
  1245 | D:1      | 1245 ||| READING 2 scrolls labelled LUASKE ULUJI.
  1246 | D:1      | 1246 ||| READING 3 scrolls of identify.
  1246 | D:1      | 1246 ||| IDENTIFYING amethyst potion
  1247 | D:1      | 1247 ||| READING 2 scrolls of identify.
  1247 | D:1      | 1247 ||| IDENTIFYING viscous amethyst potion
  1248 | D:1      | 1248 ||| DROPPING scroll of fear.
  1249 | D:1      | 1249 ||| DROPPING scroll of amnesia.
  1250 | D:1      | 1250 ||| Stepping randomly (stuck).
  1251 | D:1      | 1251 ||| Stepping ~*~*~tactically~*~*~ (cloud).
  1520 | D:2      | 1520 ||| STAIRDANCE
  1525 | D:1      | Reached XP level 3. HP: 31/31 MP: 2/2
  1535 | D:2      | 1535 ||| Stepping ~*~*~tactically~*~*~ (stealth).
  1536 | D:2      | 1536 ||| STAIRDANCE
  1561 | D:2      | 1561 ||| STAIRDANCE
  1777 | D:2      | Found a runed translucent door.
  1778 | D:2      | Noticed Crazy Yiuf
  1828 | D:2      | Reached skill level 5 in Axes
  1853 | D:2      | 1853 ||| Stepping ~*~*~tactically~*~*~ (stealth).
  2053 | D:2      | 2053 ||| READING 2 scrolls labelled ACIMEO WELEST.
  2188 | D:2      | 2188 ||| READING scroll labelled TEODGH KYMO.
  2189 | D:2      | 2189 ||| READING scroll labelled WIK LUDEAN.
  2190 | D:2      | 2190 ||| DRINKING 2 bubbling blue potions.
  2191 | D:2      | 2191 ||| READING 2 scrolls of identify.
  2191 | D:2      | 2191 ||| IDENTIFYING bubbling green potion
  2192 | D:2      | 2192 ||| DROPPING scroll of torment.
  2193 | D:2      | 2193 ||| DROPPING potion of brilliance.
  2216 | D:3      | 2216 ||| STAIRDANCE
  2261 | D:3      | Reached XP level 4. HP: 37/39 MP: 3/3
  2261 | D:3      | 2261 ||| STAIRDANCE
  2344 | D:3      | 2344 ||| Stepping ~*~*~tactically~*~*~ (stealth).
  2381 | D:3      | 2381 ||| DROPPING +0 whip.
  2427 | D:3      | 2427 ||| Stepping ~*~*~tactically~*~*~ (stealth).
  2439 | D:3      | Reached skill level 6 in Axes
  2503 | D:3      | 2503 ||| DROPPING +0 mace of draining.
  2504 | D:3      | 2504 ||| READING 3 scrolls of enchant weapon.
  2504 | D:3      | 2504 ||| ENCHANTING +1 war axe.
  2505 | D:3      | 2505 ||| READING 2 scrolls of enchant weapon.
  2505 | D:3      | 2505 ||| ENCHANTING +2 war axe.
  2506 | D:3      | 2506 ||| READING scroll of enchant weapon.
  2506 | D:3      | 2506 ||| ENCHANTING +3 war axe.
  2695 | D:3      | 2695 ||| DROPPING amulet of magic regeneration.
  2696 | D:3      | 2696 ||| READING scroll labelled UHUGRE VIRAULE.
  2697 | D:3      | 2697 ||| READING scroll labelled HUDAPU VEOM.
  2698 | D:3      | 2698 ||| READING scroll labelled FUIF ETHYHAT.
  2803 | D:3      | 2803 ||| STAIRDANCE
  3101 | D:3      | Reached XP level 5. HP: 45/45 MP: 4/4
  3116 | D:3      | 3116 ||| READING scroll of enchant weapon.
  3116 | D:3      | 3116 ||| ENCHANTING +4 war axe.
  3136 | D:3      | Reached skill level 1 in Dodging
  3156 | D:3      | 3156 ||| Stepping ~*~*~tactically~*~*~ (stealth).
  3329 | D:3      | Reached skill level 7 in Axes
  3346 | D:3      | 3346 ||| UPGRADING to +2 pair of gloves.
  3353 | D:4      | 3353 ||| STAIRDANCE
  3624 | D:4      | Found Homn's Armour Boutique.
  3632 | D:4      | 3632 ||| BUYING +1 pair of boots of stealth (181 gold).
  3632 | D:4      | Bought a +1 pair of boots of stealth for 181 gold pieces
  3632 | D:4      | 3632 ||| SHOPLISTING +2 pair of boots of flying (236 gold,
                  | have 39).
  3632 | D:4      | 3632 ||| SHOPLISTING +2 plate armour of cold resistance
                  | (440 gold, have 39).
  3779 | D:4      | Reached XP level 6. HP: 52/52 MP: 5/5
  4158 | D:4      | 4158 ||| Stepping ~*~*~tactically~*~*~ (hiding).
  4166 | D:4      | 4166 ||| Stepping ~*~*~tactically~*~*~ (hiding).
  4228 | D:4      | 4228 ||| Stepping ~*~*~tactically~*~*~ (stealth).
  4234 | D:4      | Reached skill level 8 in Axes
  4304 | D:4      | Found a sparkling altar of Nemelex Xobeh.
  4304 | D:4      | Found a basalt altar of Yredelemnul.
  4312 | D:4      | Found a faded altar of an unknown god.
  4314 | D:4      | Found an opulent altar of Gozag.
  4316 | D:4      | Found a blossoming altar of Fedhas.
  4464 | D:4      | 4464 ||| UPGRADING to +0 pair of boots.
  4469 | D:4      | 4469 ||| UPGRADING to +1 pair of boots of stealth.
  4479 | D:4      | 4479 ||| DROPPING +0 pair of boots.
  4480 | D:4      | 4480 ||| READING scroll labelled ANOJAGU OVUK.
  4481 | D:4      | 4481 ||| READING scroll labelled BOGOLU BIGGOT.
  4582 | D:4      | 4582 ||| DRINKING 2 glowing golden potions.
  4582 | D:4      | Gained mutation: You sometimes lose your temper in combat.
                  | [potion of mutation]
  4583 | D:4      | 4583 ||| DRINKING potion of mutation.
  4583 | D:4      | Lost mutation: You sometimes lose your temper in combat.
                  | [potion of mutation]
  4583 | D:4      | Gained mutation: You are somewhat resistant to further
                  | mutation. [potion of mutation]
  4628 | D:5      | Entered Level 5 of the Dungeon
  4698 | D:5      | 4698 ||| Stepping ~*~*~tactically~*~*~ (stealth).
  4700 | D:5      | 4700 ||| Stepping ~*~*~tactically~*~*~ (hiding).
  4702 | D:5      | 4702 ||| Stepping ~*~*~tactically~*~*~ (hiding).
  4712 | D:5      | 4712 ||| FLEEEEING.
  4713 | D:5      | 4713 ||| FLEEEEING.
  4714 | D:5      | 4714 ||| FLEEEEING.
  4716 | D:5      | Reached skill level 9 in Axes
  4716 | D:5      | Reached XP level 7. HP: 24/59 MP: 6/6
  4718 | D:5      | HP: 14/59 [poisoned by an orc wizard]
  4723 | D:5      | HP: 7/59 [poisoned by an orc wizard]
  4727 | D:5      | HP: 3/59 [poisoned by an orc wizard]
  4729 | D:5      | 4729 ||| FLEEEEING.
  4730 | D:5      | 4730 ||| FLEEEEING.
  4731 | D:5      | 4731 ||| FLEEEEING.
  4732 | D:5      | 4732 ||| FLEEEEING.
  4733 | D:5      | 4733 ||| STAIRDANCE
  5023 | D:5      | 5023 ||| STAIRDANCE
  5234 | D:5      | Noticed Edmund
  5243 | D:5      | Noticed a steam dragon
  5244 | D:5      | 5244 ||| Stepping ~*~*~tactically~*~*~ (stealth).
  5248 | D:5      | Killed Edmund
  5248 | D:5      | HP: 2/61 [steam dragon/ball of steam (15)]
  5249 | D:5      | 5249 ||| READING 5 scrolls of teleportation.
  5250 | D:5      | 5250 ||| DRINKING potion of heal wounds.
  5357 | D:5      | 5357 ||| FLEEEEING.
  5358 | D:5      | 5358 ||| FLEEEEING.
  5359 | D:5      | 5359 ||| FLEEEEING.
  5392 | D:5      | 5392 ||| FLEEEEING.
  5395 | D:5      | 5395 ||| FLEEEEING.
  5396 | D:5      | 5396 ||| FLEEEEING.
  5398 | D:5      | 5398 ||| FLEEEEING.
  5399 | D:5      | 5399 ||| FLEEEEING.
  5400 | D:5      | 5400 ||| FLEEEEING.
  5401 | D:5      | 5401 ||| FLEEEEING.
  5402 | D:5      | 5402 ||| FLEEEEING.
  5403 | D:5      | 5403 ||| FLEEEEING.
  5404 | D:5      | 5404 ||| STAIRDANCE
  5437 | D:5      | 5437 ||| STAIRDANCE
  5458 | D:5      | 5458 ||| Stepping ~*~*~tactically~*~*~ (stealth).
  5471 | D:5      | 5471 ||| READING scroll of brand weapon.
  5471 | D:5      | 5471 ||| BRANDING +5 war axe of protection.
  5519 | D:5      | 5519 ||| Stepping ~*~*~tactically~*~*~ (stealth).
  5526 | D:5      | Killed a steam dragon
  5527 | D:5      | Reached skill level 10 in Axes
  5527 | D:5      | 5527 ||| Stepping ~*~*~tactically~*~*~ (cloud).
  5530 | D:5      | 5530 ||| Stepping ~*~*~tactically~*~*~ (cloud).
  5538 | D:5      | Noticed Grinder
  5552 | D:5      | 5552 ||| Stepping ~*~*~tactically~*~*~ (hiding).
  5557 | D:5      | Killed Grinder
  5558 | D:5      | Reached XP level 8. HP: 49/68 MP: 7/7
  5692 | D:5      | 5692 ||| DROPPING +0 flail.
  5809 | D:5      | Found a stormy altar of Qazlal.
  5874 | D:5      | 5874 ||| DRINKING 4 potions of curing.
  5874 | D:5      | 5874 ||| (to cure confusion)
  5882 | D:5      | 5882 ||| DRINKING 3 potions of curing.
  5882 | D:5      | 5882 ||| (to cure confusion)
  5923 | D:5      | 5923 ||| DROPPING scarf of harm.
  5924 | D:5      | 5924 ||| READING 6 scrolls of identify.
  5924 | D:5      | 5924 ||| IDENTIFYING glowing puce potion
  5925 | D:5      | 5925 ||| DROPPING potion of attraction.
  5944 | D:6      | Noticed a two-headed ogre
  5945 | D:6      | 5945 ||| STAIRDANCE
  5957 | D:6      | HP: 11/70 [two-headed ogre/+0 giant spiked club (19)]
  5958 | D:6      | 5958 ||| READING 4 scrolls of teleportation.
  5959 | D:6      | Killed a two-headed ogre
  5960 | D:6      | Reached skill level 9 in Fighting
  5960 | D:6      | 5960 ||| STAIRDANCE
  6314 | D:6      | 6314 ||| Stepping ~*~*~tactically~*~*~ (hiding).
  6356 | D:6      | Reached XP level 9. HP: 83/83 MP: 8/8
  6413 | D:6      | Found a burning altar of Makhleb.
  6413 | D:6      | Found a glowing silver altar of Zin.
  6418 | D:6      | Noticed an angel
  6418 | D:6      | Noticed a blizzard demon
  6437 | D:6      | 6437 ||| Stepping ~*~*~tactically~*~*~ (stealth).
  6439 | D:6      | 6439 ||| Stepping ~*~*~tactically~*~*~ (stealth).
  6451 | D:6      | Reached skill level 11 in Axes
  6451 | D:6      | 6451 ||| FLEEEEING.
  6452 | D:6      | 6452 ||| FLEEEEING.
  6453 | D:6      | 6453 ||| FLEEEEING.
  6454 | D:6      | 6454 ||| FLEEEEING.
  6455 | D:6      | 6455 ||| FLEEEEING.
  6456 | D:6      | 6456 ||| FLEEEEING.
  6457 | D:6      | 6457 ||| FLEEEEING.
  6458 | D:6      | 6458 ||| FLEEEEING.
  6459 | D:6      | 6459 ||| FLEEEEING.
  6460 | D:6      | 6460 ||| FLEEEEING.
  6461 | D:6      | 6461 ||| FLEEEEING.
  6462 | D:6      | 6462 ||| FLEEEEING.
  6463 | D:6      | 6463 ||| FLEEEEING.
  6464 | D:6      | 6464 ||| FLEEEEING.
  6465 | D:6      | 6465 ||| FLEEEEING.
  6466 | D:6      | 6466 ||| FLEEEEING.
  6467 | D:6      | 6467 ||| FLEEEEING.
  6468 | D:6      | 6468 ||| FLEEEEING.
  6470 | D:6      | 6470 ||| FLEEEEING.
  6471 | D:6      | 6471 ||| FLEEEEING.
  6472 | D:6      | 6472 ||| FLEEEEING.
  6532 | D:6      | 6532 ||| DROPPING +6 flail of protection.
  6819 | D:6      | Found a shimmering blue altar of Sif Muna.
  6896 | D:6      | Reached skill level 12 in Axes
  6948 | D:6      | 6948 ||| Stepping ~*~*~tactically~*~*~ (stealth).
  6959 | D:6      | 6959 ||| READING scroll of enchant weapon.
  6959 | D:6      | 6959 ||| ENCHANTING +5 war axe of venom.
  7260 | D:6      | Found a hide-covered altar of Uskayaw.
  7291 | D:6      | 7291 ||| UPGRADING to amulet of the acrobat.
  7296 | D:6      | 7296 ||| UPGRADING to ring of protection from cold.
  7297 | D:6      | 7297 ||| UPGRADING to +6 ring of strength.
  7298 | D:6      | 7298 ||| READING 5 scrolls of identify.
  7298 | D:6      | 7298 ||| IDENTIFYING viscous orange potion
  7299 | D:6      | 7299 ||| READING 4 scrolls of identify.
  7299 | D:6      | 7299 ||| IDENTIFYING sedimented orange potion
  7300 | D:6      | 7300 ||| DROPPING potion of magic.
  7301 | D:6      | 7301 ||| DROPPING potion of degeneration.
  7378 | D:7      | 7378 ||| STAIRDANCE
  7473 | D:7      | 7473 ||| READING 4 scrolls of teleportation.
  7517 | D:7      | 7517 ||| Stepping ~*~*~tactically~*~*~ (hiding).
  7518 | D:7      | 7518 ||| Stepping ~*~*~tactically~*~*~ (hiding).
  7519 | D:7      | 7519 ||| Stepping ~*~*~tactically~*~*~ (hiding).
  7523 | D:7      | 7523 ||| DRINKING 3 potions of curing.
  7523 | D:7      | 7523 ||| (to cure confusion)
  7527 | D:7      | 7527 ||| Stepping ~*~*~tactically~*~*~ (stealth).
  7531 | D:7      | 7531 ||| Stepping ~*~*~tactically~*~*~ (stealth).
  7570 | D:7      | Found a snail-covered altar of Cheibriados.
  7628 | D:7      | 7628 ||| Stepping ~*~*~tactically~*~*~ (stealth).
  7633 | D:7      | 7633 ||| READING 3 scrolls of teleportation.
  7652 | D:7      | Noticed a komodo dragon
  7659 | D:7      | Killed a komodo dragon
  7788 | D:7      | 7788 ||| Stepping ~*~*~tactically~*~*~ (hiding).
  7809 | D:7      | Reached skill level 13 in Axes
  7819 | D:7      | 7819 ||| Stepping ~*~*~tactically~*~*~ (stealth).
  7917 | D:7      | 7917 ||| Stepping ~*~*~tactically~*~*~ (stealth).
  7924 | D:7      | 7924 ||| Stepping ~*~*~tactically~*~*~ (stealth).
  8011 | D:7      | Found a staircase to the Ecumenical Temple.
  8012 | D:7      | 8012 ||| PLANNING TEMPLE
  8012 | D:7      | 8012 ||| DROPPING ring of ice.
  8021 | Temple   | Entered the Ecumenical Temple
  8057 | Temple   | 8057 ||| PLANNING D:1-11
  8491 | D:7      | 8491 ||| READING 3 scrolls of identify.
  8491 | D:7      | 8491 ||| IDENTIFYING bubbling sapphire potion
  8492 | D:7      | 8492 ||| DROPPING potion of invisibility.
  8524 | D:8      | Reached skill level 3 in Dodging
  8524 | D:8      | Reached XP level 10. HP: 81/91 MP: 9/9
  8524 | D:8      | 8524 ||| STAIRDANCE
  8786 | D:8      | Reached skill level 14 in Axes
  8786 | D:8      | 8786 ||| Stepping ~*~*~tactically~*~*~ (cloud).
  8994 | D:8      | Noticed Maurice
  8995 | D:8      | 8995 ||| Stepping ~*~*~tactically~*~*~ (hiding).
  8996 | D:8      | 8996 ||| Stepping ~*~*~tactically~*~*~ (hiding).
  9012 | D:8      | Killed Maurice
  9013 | D:8      | Reached skill level 6 in Armour
  9368 | D:8      | 9368 ||| UPGRADING to +1 cloak.
  9373 | D:8      | 9373 ||| UPGRADING to ring of see invisible.
  9410 | D:9      | Noticed a two-headed ogre
  9420 | D:9      | Killed a two-headed ogre
  9558 | D:9      | 9558 ||| Stepping ~*~*~tactically~*~*~ (hiding).
  9645 | D:9      | Reached skill level 15 in Axes
  9648 | D:9      | 9648 ||| Stepping ~*~*~tactically~*~*~ (stealth).
  9652 | D:9      | 9652 ||| Stepping ~*~*~tactically~*~*~ (stealth).
  9731 | D:9      | 9731 ||| Stepping ~*~*~tactically~*~*~ (hiding).
  9888 | D:9      | Found a staircase to the Lair.
 10018 | D:9      | 10018 ||| Stepping ~*~*~tactically~*~*~ (stealth).
 10019 | D:9      | 10019 ||| Stepping ~*~*~tactically~*~*~ (stealth).
 10020 | D:9      | 10020 ||| Stepping ~*~*~tactically~*~*~ (stealth).
 10021 | D:9      | 10021 ||| Stepping ~*~*~tactically~*~*~ (hiding).
 10041 | D:9      | 10041 ||| Stepping ~*~*~tactically~*~*~ (stealth).
 10116 | D:9      | Found a white marble altar of Elyvilon.
 10126 | D:9      | Noticed a two-headed ogre
 10132 | D:9      | Killed a two-headed ogre
 10196 | D:9      | Reached skill level 16 in Axes
 10205 | D:9      | Reached XP level 11. HP: 73/97 MP: 10/10
 10333 | D:9      | Found a sacrificial altar of Ru.
 10336 | D:9      | Became a worshipper of Ru the Awakened
 10454 | D:9      | Reached skill level 6 in Shields
 10627 | D:9      | Noticed a two-headed ogre
 10635 | D:9      | Killed a two-headed ogre
 10746 | D:9      | 10746 ||| UPGRADING to +0 plate armour.
 10756 | D:9      | 10756 ||| DROPPING +0 chain mail.
 10757 | D:9      | 10757 ||| UPGRADING to amulet of reflection.
 10767 | D:9      | 10767 ||| DROPPING amulet of the acrobat.
 10768 | D:9      | 10768 ||| READING scroll labelled HIL HATRICAUS.
 10768 | D:9      | Identified a scroll of acquirement
 10768 | D:9      | 10768 ||| ACQUIRING +1 broad axe of electrocution
 10768 | D:9      | Acquired a +1 broad axe of electrocution
 10770 | D:9      | 10770 ||| SWAPPING to +1 broad axe of electrocution.
 10771 | D:9      | 10771 ||| DROPPING +6 war axe of venom.
 10832 | D:10     | Entered Level 10 of the Dungeon
 10854 | D:10     | 10854 ||| Stepping ~*~*~tactically~*~*~ (hiding).
 10883 | D:10     | 10883 ||| Stepping ~*~*~tactically~*~*~ (stealth).
 10889 | D:10     | Noticed a two-headed ogre
 10903 | D:10     | Killed a two-headed ogre
 11016 | D:10     | Noticed Joseph
 11017 | D:10     | 11017 ||| Stepping ~*~*~tactically~*~*~ (hiding).
 11031 | D:10     | Killed Joseph
 11172 | D:10     | Found a glowing golden altar of the Shining One.
 11236 | D:10     | 11236 ||| Stepping ~*~*~tactically~*~*~ (stealth).
 11243 | D:10     | 11243 ||| Stepping ~*~*~tactically~*~*~ (stealth).
 11245 | D:10     | 11245 ||| Stepping ~*~*~tactically~*~*~ (stealth).
 11269 | D:10     | Noticed Harold
 11278 | D:10     | Killed Harold
 11279 | D:10     | Reached skill level 9 in Armour
 11457 | D:10     | Paralysed by a hornet for 3 turns
 11658 | D:10     | Noticed Gastronok
 11672 | D:10     | Killed Gastronok
 11673 | D:10     | Reached skill level 17 in Axes
 11677 | D:10     | Found a radiant altar of Vehumet.
 11758 | D:10     | Noticed Maggie
 11759 | D:10     | 11759 ||| Stepping ~*~*~tactically~*~*~ (hiding).
 11770 | D:10     | Killed Maggie
 11773 | D:10     | 11773 ||| UPGRADING to +1 hat of intelligence.
 11778 | D:10     | 11778 ||| READING 3 scrolls of identify.
 11778 | D:10     | 11778 ||| IDENTIFYING bubbling coppery potion
 11779 | D:10     | 11779 ||| DROPPING potion of berserk rage.
 11780 | D:10     | 11780 ||| READING 6 scrolls of teleportation.
 11843 | D:11     | 11843 ||| Stepping ~*~*~tactically~*~*~ (stealth).
 11983 | D:11     | 11983 ||| INVOKING Sacrifice Nimbleness.
 11983 | D:11     | Gained mutation: You cannot train Dodging skill. [Ru
                  | sacrifice]
 11983 | D:11     | Reached * piety under Ru
 12183 | D:11     | 12183 ||| Stepping ~*~*~tactically~*~*~ (hiding).
 12384 | D:11     | 12384 ||| PLANNING LAIR
 12384 | D:11     | 12384 ||| READING 3 scrolls of identify.
 12384 | D:11     | 12384 ||| IDENTIFYING fizzy ruby potion
 12385 | D:11     | 12385 ||| READING 2 scrolls of identify.
 12385 | D:11     | 12385 ||| IDENTIFYING pink potion
 12386 | D:11     | 12386 ||| DROPPING potion of ambrosia.
 12449 | Lair:1   | Entered Level 1 of the Lair of Beasts
 12501 | Lair:1   | Noticed a six-headed hydra
 12502 | Lair:1   | 12502 ||| SWAPPING to +0 morningstar.
 12506 | Lair:1   | Killed a six-headed hydra
 12507 | Lair:1   | 12507 ||| SWAPPING to +1 broad axe of electrocution.
 13089 | Lair:1   | Reached skill level 18 in Axes
 13089 | Lair:1   | Reached XP level 12. HP: 106/106 MP: 11/11
 13400 | Lair:2   | Found a staircase to the Shoals.
 13546 | Lair:2   | 13546 ||| Stepping ~*~*~tactically~*~*~ (stealth).
 13683 | Lair:2   | 13683 ||| READING scroll of acquirement.
 13683 | Lair:2   | 13683 ||| ACQUIRING +0 hat of Impatience {rF+}
 13683 | Lair:2   | Acquired the +0 hat of Impatience {rF+}
 13685 | Lair:2   | 13685 ||| UPGRADING to +0 hat of Impatience {rF+}.
 13738 | Lair:2   | 13738 ||| DROPPING +1 flail of protection.
 14115 | Lair:2   | 14115 ||| INVOKING Reject Sacrifices.
 14911 | Lair:3   | 14911 ||| Stepping ~*~*~tactically~*~*~ (stealth).
 15163 | Lair:3   | Found a hole to the Spider Nest.
 15168 | Lair:3   | Reached skill level 19 in Axes
 15270 | Lair:3   | Found a frozen archway.
 15435 | Lair:3   | Noticed a death yak
 15436 | Lair:3   | 15436 ||| Stepping ~*~*~tactically~*~*~ (stealth).
 15437 | Lair:3   | 15437 ||| Stepping ~*~*~tactically~*~*~ (stealth).
 15444 | Lair:3   | Killed a death yak
 15445 | Lair:3   | Reached skill level 3 in Throwing
 15486 | Lair:3   | 15486 ||| Stepping ~*~*~tactically~*~*~ (stealth).
 15487 | Lair:3   | 15487 ||| Stepping ~*~*~tactically~*~*~ (stealth).
 15777 | Lair:3   | 15777 ||| Stepping ~*~*~tactically~*~*~ (stealth).
 15806 | Lair:3   | 15806 ||| Stepping ~*~*~tactically~*~*~ (stealth).
 15812 | Lair:3   | 15812 ||| Stepping ~*~*~tactically~*~*~ (stealth).
 15824 | Lair:3   | 15824 ||| FLEEEEING.
 15825 | Lair:3   | 15825 ||| FLEEEEING.
 15827 | Lair:3   | 15827 ||| FLEEEEING.
 15828 | Lair:3   | 15828 ||| FLEEEEING.
 15829 | Lair:3   | 15829 ||| FLEEEEING.
 15830 | Lair:3   | 15830 ||| FLEEEEING.
 15831 | Lair:3   | 15831 ||| FLEEEEING.
 15832 | Lair:3   | 15832 ||| FLEEEEING.
 15833 | Lair:3   | 15833 ||| FLEEEEING.
 15834 | Lair:3   | 15834 ||| FLEEEEING.
 15835 | Lair:3   | 15835 ||| FLEEEEING.
 15836 | Lair:3   | 15836 ||| FLEEEEING.
 15837 | Lair:3   | 15837 ||| FLEEEEING.
 15838 | Lair:3   | 15838 ||| FLEEEEING.
 15839 | Lair:3   | 15839 ||| FLEEEEING.
 15840 | Lair:3   | 15840 ||| FLEEEEING.
 15841 | Lair:3   | 15841 ||| FLEEEEING.
 15842 | Lair:3   | 15842 ||| FLEEEEING.
 15843 | Lair:3   | 15843 ||| STAIRDANCE
 15930 | Lair:3   | Noticed a six-headed hydra
 15935 | Lair:3   | 15935 ||| SWAPPING to +0 morningstar.
 15941 | Lair:3   | Killed a six-headed hydra
 15942 | Lair:3   | Reached skill level 12 in Fighting
 15942 | Lair:3   | Reached XP level 13. HP: 97/118 MP: 12/12
 15942 | Lair:3   | 15942 ||| SWAPPING to +1 broad axe of electrocution.
 16394 | Lair:4   | Found a staircase to the Slime Pits.
 16394 | Lair:4   | Found a viscous altar of Jiyva.
 16412 | Lair:4   | 16412 ||| Stepping ~*~*~tactically~*~*~ (stealth).
 16413 | Lair:4   | 16413 ||| Stepping ~*~*~tactically~*~*~ (stealth).
 16415 | Lair:4   | 16415 ||| Stepping ~*~*~tactically~*~*~ (stealth).
 16620 | Lair:4   | 16620 ||| Stepping ~*~*~tactically~*~*~ (cloud).
 16680 | Lair:4   | Reached skill level 12 in Armour
 16965 | Lair:4   | 16965 ||| Stepping ~*~*~tactically~*~*~ (stealth).
 16967 | Lair:4   | 16967 ||| Stepping ~*~*~tactically~*~*~ (stealth).
 16987 | Lair:4   | Reached skill level 9 in Shields
 17469 | Lair:4   | 17469 ||| READING scroll labelled EMOECOL OHUKH.
 17470 | Lair:4   | 17470 ||| READING scroll labelled RIEPSU HAO.
 17514 | Lair:5   | Entered Level 5 of the Lair of Beasts
 17524 | Lair:5   | 17524 ||| STAIRDANCE
 17599 | Lair:5   | 17599 ||| Stepping ~*~*~tactically~*~*~ (hiding).
 17602 | Lair:5   | Noticed Kirke
 17609 | Lair:5   | 17609 ||| Stepping ~*~*~tactically~*~*~ (hiding).
 17623 | Lair:5   | Killed Kirke
 17737 | Lair:5   | 17737 ||| Stepping ~*~*~tactically~*~*~ (stealth).
 17743 | Lair:5   | 17743 ||| Stepping ~*~*~tactically~*~*~ (hiding).
 17893 | Lair:5   | 17893 ||| Stepping ~*~*~tactically~*~*~ (stealth).
 17908 | Lair:5   | 17908 ||| Stepping ~*~*~tactically~*~*~ (cloud).
 18059 | Lair:5   | 18059 ||| Stepping ~*~*~tactically~*~*~ (hiding).
 18064 | Lair:5   | 18064 ||| SWAPPING to +0 morningstar.
 18068 | Lair:5   | 18068 ||| Stepping ~*~*~tactically~*~*~ (water).
 18071 | Lair:5   | Reached skill level 6 in Throwing
 18071 | Lair:5   | 18071 ||| SWAPPING to +1 broad axe of electrocution.
 18084 | Lair:5   | 18084 ||| Stepping ~*~*~tactically~*~*~ (water).
 18098 | Lair:5   | 18098 ||| FLEEEEING.
 18101 | Lair:5   | 18101 ||| FLEEEEING.
 18102 | Lair:5   | 18102 ||| FLEEEEING.
 18238 | Lair:5   | 18238 ||| Stepping ~*~*~tactically~*~*~ (stealth).
 18249 | Lair:5   | 18249 ||| Stepping ~*~*~tactically~*~*~ (stealth).
 18445 | Lair:5   | 18445 ||| Stepping ~*~*~tactically~*~*~ (water).
 18463 | Lair:5   | Noticed a fire dragon
 18464 | Lair:5   | 18464 ||| Stepping ~*~*~tactically~*~*~ (hiding).
 18491 | Lair:5   | Killed a fire dragon
 18770 | Lair:5   | 18770 ||| FLEEEEING.
 18772 | Lair:5   | 18772 ||| FLEEEEING.
 18933 | Lair:5   | 18933 ||| DRINKING 3 potions of cancellation.
 18935 | Lair:5   | 18935 ||| DRINKING 2 potions of cancellation.
 18945 | Lair:5   | 18945 ||| SWAPPING to +0 morningstar.
 18952 | Lair:5   | Reached XP level 14. HP: 60/133 MP: 13/13
 18952 | Lair:5   | 18952 ||| SWAPPING to +1 broad axe of electrocution.
 18956 | Lair:5   | HP: 33/133 [manticore/volley of spikes (5)]
 18957 | Lair:5   | 18957 ||| READING 9 scrolls of teleportation.
 18959 | Lair:5   | 18959 ||| DRINKING 4 potions of heal wounds.
 19280 | Lair:5   | 19280 ||| Stepping ~*~*~tactically~*~*~ (cloud).
 19286 | Lair:5   | Reached skill level 15 in Fighting
 19298 | Lair:5   | 19298 ||| FLEEEEING.
 19299 | Lair:5   | 19299 ||| FLEEEEING.
 19306 | Lair:5   | 19306 ||| FLEEEEING.
 19317 | Lair:5   | 19317 ||| FLEEEEING.
 19318 | Lair:5   | 19318 ||| FLEEEEING.
 19319 | Lair:5   | 19319 ||| FLEEEEING.
 19320 | Lair:5   | 19320 ||| FLEEEEING.
 19330 | Lair:5   | 19330 ||| FLEEEEING.
 19331 | Lair:5   | 19331 ||| FLEEEEING.
 19332 | Lair:5   | 19332 ||| FLEEEEING.
 19333 | Lair:5   | 19333 ||| FLEEEEING.
 19334 | Lair:5   | 19334 ||| FLEEEEING.
 19335 | Lair:5   | 19335 ||| FLEEEEING.
 19336 | Lair:5   | 19336 ||| STAIRDANCE
 19410 | Lair:4   | 19410 ||| DROPPING orb of guile.
 19511 | Lair:5   | 19511 ||| Stepping ~*~*~tactically~*~*~ (hiding).
 19611 | Lair:5   | 19611 ||| SWAPPING to +0 morningstar.
 19616 | Lair:5   | 19616 ||| Stepping ~*~*~tactically~*~*~ (outnumbered).
 19618 | Lair:5   | 19618 ||| Stepping ~*~*~tactically~*~*~ (outnumbered).
 19623 | Lair:5   | 19623 ||| SWAPPING to +1 broad axe of electrocution.
 20161 | Lair:5   | 20161 ||| Stepping ~*~*~tactically~*~*~ (hiding).
 20326 | Lair:5   | 20326 ||| PLANNING D
 20326 | Lair:5   | 20326 ||| DROPPING +1 hat of intelligence.
 20531 | D:12     | Noticed Rupert
 20538 | D:12     | Paralysed by Rupert for 3 turns
 20542 | D:12     | 20542 ||| DRINKING 6 potions of curing.
 20542 | D:12     | 20542 ||| (to cure confusion)
 20557 | D:12     | Killed Rupert
 20838 | D:12     | 20838 ||| INVOKING Sacrifice Skill.
 20838 | D:12     | Gained mutation: You are somewhat unskilled. (-1 Apt) [Ru
                  | sacrifice]
 20838 | D:12     | Reduced skill Axes to level 17
 20838 | D:12     | Reached ** piety under Ru
 20857 | D:12     | Found a staircase to the Orcish Mines.
 20896 | D:12     | Noticed Nessos
 20897 | D:12     | 20897 ||| Stepping ~*~*~tactically~*~*~ (stealth).
 20903 | D:12     | 20903 ||| Stepping ~*~*~tactically~*~*~ (stealth).
 20904 | D:12     | 20904 ||| Stepping ~*~*~tactically~*~*~ (stealth).
 21115 | D:12     | 21115 ||| Stepping ~*~*~tactically~*~*~ (stealth).
 21119 | D:12     | 21119 ||| Stepping ~*~*~tactically~*~*~ (hiding).
 21124 | D:12     | Killed Nessos
 21128 | D:12     | HP: 32/130 [poisoned by Nessos]
 21129 | D:12     | 21129 ||| READING 8 scrolls of teleportation.
 21130 | D:12     | 21130 ||| DRINKING 3 potions of heal wounds.
 21133 | D:12     | 21133 ||| DRINKING 2 potions of heal wounds.
 21468 | D:12     | 21468 ||| Stepping ~*~*~tactically~*~*~ (stealth).
 21616 | D:12     | 21616 ||| Stepping ~*~*~tactically~*~*~ (stealth).
 21676 | D:12     | Reached skill level 18 in Axes
 21684 | D:12     | 21684 ||| READING 7 scrolls of teleportation.
 21998 | D:12     | 21998 ||| DROPPING +2 chain mail of positive energy.
 22109 | D:13     | 22109 ||| Stepping ~*~*~tactically~*~*~ (stealth).
 22139 | D:13     | Found a runed translucent door.
 22140 | D:13     | Noticed a tengu reaver
 22158 | D:13     | 22158 ||| Stepping ~*~*~tactically~*~*~ (hiding).
 22201 | D:13     | 22201 ||| FLEEEEING.
 22421 | D:13     | 22421 ||| FLEEEEING.
 22426 | D:13     | 22426 ||| FLEEEEING.
 22427 | D:13     | 22427 ||| FLEEEEING.
 22428 | D:13     | 22428 ||| FLEEEEING.
 22429 | D:13     | 22429 ||| FLEEEEING.
 22430 | D:13     | 22430 ||| FLEEEEING.
 22445 | D:13     | 22445 ||| FLEEEEING.
 22462 | D:13     | 22462 ||| FLEEEEING.
 22463 | D:13     | 22463 ||| FLEEEEING.
 22464 | D:13     | 22464 ||| FLEEEEING.
 22483 | D:13     | 22483 ||| FLEEEEING.
 22484 | D:13     | 22484 ||| STAIRDANCE
 22675 | D:13     | 22675 ||| Stepping ~*~*~tactically~*~*~ (stealth).
 22679 | D:13     | 22679 ||| READING 6 scrolls of teleportation.
 23093 | D:13     | 23093 ||| Stepping ~*~*~tactically~*~*~ (hiding).
 23375 | D:13     | Reached skill level 19 in Axes
 23523 | D:13     | Found a gate to the Vaults.
 23672 | D:13     | Identified the +9 long sword of Regicide {vorpal, Str+7}
 23697 | D:14     | Reached skill level 6 in Throwing
 23820 | D:14     | 23820 ||| Stepping ~*~*~tactically~*~*~ (stealth).
 23827 | D:14     | 23827 ||| Stepping ~*~*~tactically~*~*~ (stealth).
 23851 | D:14     | Identified the +0 robe of Zihuledum {Slay+3}
 23867 | D:14     | Reached skill level 9 in Shields
 23880 | D:14     | HP: 30/132 [skeletal warrior/+0 glaive (13)]
 23881 | D:14     | 23881 ||| READING 5 scrolls of teleportation.
 23882 | D:14     | 23882 ||| DRINKING potion of heal wounds.
 24415 | D:14     | Found a broken altar of Ashenzari.
 24541 | D:14     | 24541 ||| Stepping ~*~*~tactically~*~*~ (stealth).
 24543 | D:14     | 24543 ||| Stepping ~*~*~tactically~*~*~ (hiding).
 24733 | D:14     | 24733 ||| INVOKING Sacrifice Experience.
 24733 | D:14     | Gained mutation: You are somewhat inexperienced. (-1 XL)
                  | [Ru sacrifice]
 24733 | D:14     | Reached XP level 13. HP: 125/125 MP: 12/12
 24733 | D:14     | Reached *** piety under Ru
 24733 | D:14     | Reached **** piety under Ru
 24865 | D:14     | 24865 ||| READING 13 scrolls of identify.
 24865 | D:14     | 24865 ||| IDENTIFYING fuming puce potion
 24866 | D:14     | 24866 ||| DROPPING potion of flight.
 24882 | D:15     | Entered Level 15 of the Dungeon
 24916 | D:15     | Noticed Jorgrun
 24928 | D:15     | Killed Jorgrun
 24944 | D:15     | 24944 ||| FLEEEEING.
 24945 | D:15     | 24945 ||| FLEEEEING.
 24946 | D:15     | 24946 ||| FLEEEEING.
 24947 | D:15     | 24947 ||| FLEEEEING.
 24948 | D:15     | 24948 ||| FLEEEEING.
 24949 | D:15     | 24949 ||| FLEEEEING.
 24951 | D:15     | 24951 ||| FLEEEEING.
 24952 | D:15     | 24952 ||| FLEEEEING.
 24956 | D:15     | 24956 ||| FLEEEEING.
 24964 | D:15     | 24964 ||| FLEEEEING.
 24966 | D:15     | 24966 ||| FLEEEEING.
 24967 | D:15     | 24967 ||| FLEEEEING.
 24968 | D:15     | 24968 ||| FLEEEEING.
 24969 | D:15     | 24969 ||| FLEEEEING.
 24970 | D:15     | 24970 ||| FLEEEEING.
 24971 | D:15     | 24971 ||| FLEEEEING.
 24972 | D:15     | 24972 ||| FLEEEEING.
 24973 | D:15     | 24973 ||| STAIRDANCE
 25117 | D:15     | 25117 ||| Stepping ~*~*~tactically~*~*~ (hiding).
 25118 | D:15     | 25118 ||| Stepping ~*~*~tactically~*~*~ (hiding).
 25299 | D:15     | 25299 ||| Stepping ~*~*~tactically~*~*~ (stealth).
 25302 | D:15     | 25302 ||| Stepping ~*~*~tactically~*~*~ (stealth).
 25303 | D:15     | 25303 ||| Stepping ~*~*~tactically~*~*~ (stealth).
 25320 | D:15     | Reached skill level 15 in Fighting
 25324 | D:15     | Reached XP level 14. HP: 122/135 MP: 13/13
 25416 | D:15     | 25416 ||| Stepping ~*~*~tactically~*~*~ (hiding).
 25424 | D:15     | 25424 ||| Stepping ~*~*~tactically~*~*~ (stealth).
 25427 | D:15     | 25427 ||| Stepping ~*~*~tactically~*~*~ (stealth).
 25724 | D:15     | 25724 ||| Stepping ~*~*~tactically~*~*~ (hiding).
 25736 | D:15     | HP: 29/135 [ice dragon/blast of cold (30)]
 25737 | D:15     | 25737 ||| READING 5 scrolls of teleportation.
 25738 | D:15     | 25738 ||| INVOKING Draw Out Power.
 26169 | D:15     | 26169 ||| Stepping ~*~*~tactically~*~*~ (hiding).
 26622 | D:15     | Found a staircase to the Depths.
 26672 | D:15     | 26672 ||| PLANNING ORC
 26738 | Orc:1    | Entered Level 1 of the Orcish Mines
 26757 | Orc:1    | Noticed an orc warlord
 26758 | Orc:1    | 26758 ||| Stepping ~*~*~tactically~*~*~ (hiding).
 26758 | Orc:1    | Noticed Sonja
 26765 | Abyss:1  | Cast into level 1 of the Abyss (Sonja)
 26779 | Abyss:1  | 26779 ||| Stepping ~*~*~tactically~*~*~ (stealth).
 26781 | Abyss:1  | 26781 ||| Stepping ~*~*~tactically~*~*~ (stealth).
 26782 | Abyss:1  | 26782 ||| Stepping ~*~*~tactically~*~*~ (stealth).
 26783 | Abyss:1  | 26783 ||| Stepping ~*~*~tactically~*~*~ (stealth).
 26784 | Abyss:1  | 26784 ||| Stepping ~*~*~tactically~*~*~ (stealth).
 26844 | Abyss:1  | Noticed a bone dragon
 26868 | Abyss:1  | HP: 29/135 [bone dragon (8)]
 26869 | Abyss:1  | 26869 ||| READING 4 scrolls of teleportation.
 26870 | Abyss:1  | 26870 ||| INVOKING Draw Out Power.
 26873 | Abyss:1  | HP: 17/129 [bone dragon (13)]
 26876 | Abyss:1  | HP: 3/129 [bone dragon (9)]
 26880 | Abyss:1  | Killed a bone dragon
 26927 | Abyss:2  | 26927 ||| INVOKING Draw Out Power.
 26939 | Abyss:2  | HP: 32/128 [fenstrider witch skeleton (2)]
 26940 | Abyss:2  | 26940 ||| READING 3 scrolls of teleportation.
 26942 | Abyss:2  | 26942 ||| INVOKING Draw Out Power.
 26952 | Abyss:2  | Found a corrupted altar of Lugonu.
 26970 | Abyss:2  | 26970 ||| Stepping ~*~*~tactically~*~*~ (stealth).
 27029 | Abyss:2  | HP: 20/124 [hell knight/+1 glaive of flaming (18)]
 27030 | Abyss:2  | 27030 ||| READING 2 scrolls of teleportation.
 27031 | Abyss:2  | 27031 ||| INVOKING Draw Out Power.
 27034 | Abyss:2  | HP: 23/120 [hell knight/+1 demon whip of flaming (17)]
 27034 | Abyss:2  | HP: 11/120 [hell knight/+1 glaive of flaming (8)]
 27039 | Abyss:2  | Killed from afar by a hell knight

Levels and vault maps discovered:
D:1:      tarquinn_simple_flora_water_a, layout_basic,
          shapermc_ecumenical_altar_petra, serial_shops, shop
D:2:      layout_rooms, uniq_crazy_yiuf_cottage
D:3:      layout_basic, minmay_randomly_rotated_circles
D:4:      layout_basic, chequers_temple_overflow_minitemple, serial_shops,
          nicolae_shop_hallway_stairs, hangedman_decor_diamond_cutter,
          chequers_serial_rivers_room_b, nicolae_elevator_lobby_plus
D:5:      layout_cave_pools, mainiacjoe_overflow_surrounded_room, serial_glass,
          glass_columns_a, glass_columns_a, uniq_edmund, uniq_grinder
D:6:      layout_loops_ring, grunt_temple_overflow_order_and_chaos_2,
          mainiacjoe_overflow_alcove_2, mainiacjoe_overflow_six_doors_small
D:7:      layout_loops_ring, cheibriados_altar_1, temple_fountains,
          hangedman_glass_teeth, minmay_misc_feat_tower
D:8:      layout_gridville, uniq_maurice
D:9:      layout_loops_ring, mainiacjoe_overflow_cross_hatched, kennysheep_mini,
          david_lair_shrubbed, kennysheep_generic_room_6
D:10:     layout_basic, mainiacjoe_overflow_brackets, fiery_altar_vehumet,
          uniq_joseph, uniq_gastronok, uniq_maggie, uniq_harold
D:11:     layout_cave_pools
D:12:     layout_basic, orc_0_dummy, uniq_rupert, uniq_nessos
D:13:     layout_loops_ring, david_vaults_4, minivault_13
D:14:     layout_small_grid, nicolae_ashenzari_panopticon
D:15:     grunt_enter_depths_hoard, layout_stronghold, minivault_27,
          uniq_jorgrun
Temple:   hellmonk_temple_of_storms
Lair:1:   layout_cave_pods, grunt_megastairs_3
Lair:2:   layout_layer_cave, minmay_shoals_entry_centaurs, lemuel_fruit_tree,
          serial_bayou_shore_b, grunt_megastairs_1
Lair:3:   layout_gridlike, dummy_spider_entry, portal_ice_cave_rime
Lair:4:   layout_hall_layers, slime_entry_1
Lair:5:   guppyfry_lair_end_dragon, layout_loops_ring, hangedman_lair_in_review,
          serial_rivers, chequers_serial_rivers_micro_a,
          chequers_serial_rivers_small_3, chequers_serial_rivers_small_b,
          chequers_serial_rivers_micro_c, serial_bayou_ford_a, minivault_27,
          uniq_kirke
Orc:1:    layout_caves, uniq_sonja
Abyss:2:  base:
D:13

Skill      XL: |  1  2  3  4  5  6  7  8  9 10 11 12 13 14 |
---------------+-------------------------------------------+-----
Axes           | 3 4 5 6 7 9 10 13 16 18 19 19 | 19.0
Dodging        | 1 3 0 |  0.0
Fighting       | 4 5 9 10 12 15 14 | 15.0
Throwing       | 2 5 6 6 |  6.8
Armour         | 4 5 7 9 11 13 14 | 14.1
Shields        | 5 6 7 9 9 |  9.0

Action                   |  1- 3 |  4- 6 |  7- 9 | 10-12 | 13-15 || total
-------------------------+-------+-------+-------+-------+-------++-------
Melee: War axe           |    97 |   136 |   160 |   137 |       ||   530
       Headbutt          |    14 |    15 |    30 |    92 |   151 ||   302
       Broad axe         |       |       |       |   271 |   681 ||   952
       Morningstar       |       |       |       |     8 |    20 ||    28
Throw: Boomerang         |       |    17 |    44 |    53 |    43 ||   157
       Javelin           |       |       |       |     6 |   112 ||   118
Invok: Sacrifice Nimblen |       |       |       |     1 |       ||     1
       Reject Sacrifices |       |       |       |     1 |       ||     1
       Sacrifice Experie |       |       |       |       |     1 ||     1
       Draw Out Power    |       |       |       |       |     5 ||     5
       Sacrifice Skill   |       |       |       |       |     1 ||     1
  Use: Scroll            |    12 |     9 |    10 |     6 |    12 ||    49
       Potion            |     1 |     2 |     4 |       |     7 ||    14
Armor: Scale mail        |    15 |       |       |       |       ||    15
       Chain mail        |    41 |    78 |    64 |    39 |       ||   222
       Plate armour      |       |       |       |   107 |   340 ||   447
Dodge: Dodged            |    39 |    22 |    39 |   102 |   143 ||   345
Block: Buckler           |    26 |    25 |    18 |   124 |   269 ||   462
       Reflection        |       |       |       |    16 |    15 ||    31

Table legend:
 A = Non-vault XP
 B = Vault XP
 C = Vault XP percentage of total XP
 D = Non-vault monster count
 E = Vault monster count
 F = Vault count percentage of total count
                 A         B        C        D         E       F
            +---------+---------+-------+---------+---------+-------
      Total |   89980 |   26776 |  22.9 |     446 |      65 |  12.7
            +---------+---------+-------+---------+---------+-------
        D:1 |      51 |       0 |   0.0 |      27 |       0 |   0.0
        D:2 |      47 |       1 |   2.1 |      17 |       1 |   5.6
        D:3 |     190 |      20 |   9.5 |      21 |       5 |  19.2
        D:4 |     226 |       0 |   0.0 |      26 |       0 |   0.0
        D:5 |     840 |     421 |  33.4 |      21 |       2 |   8.7
        D:6 |    2403 |       0 |   0.0 |      28 |       0 |   0.0
        D:7 |    1171 |       0 |   0.0 |      24 |       0 |   0.0
        D:8 |    1601 |     462 |  22.4 |      14 |       1 |   6.7
        D:9 |    4639 |     622 |  11.8 |      35 |       3 |   7.9
       D:10 |    1864 |    3238 |  63.5 |      18 |       4 |  18.2
       D:11 |    1801 |       0 |   0.0 |      18 |       0 |   0.0
       D:12 |    4790 |    2666 |  35.8 |      10 |       2 |  16.7
       D:13 |    8939 |    2537 |  22.1 |      19 |       3 |  13.6
       D:14 |    5933 |       0 |   0.0 |       8 |       0 |   0.0
       D:15 |   10675 |    2678 |  20.1 |      26 |       2 |   7.1
     Lair:1 |    2654 |       0 |   0.0 |       7 |       0 |   0.0
     Lair:2 |    3679 |     537 |  12.7 |      11 |       5 |  31.2
     Lair:3 |   11879 |     737 |   5.8 |      32 |       2 |   5.9
     Lair:4 |   11963 |       0 |   0.0 |      44 |       0 |   0.0
     Lair:5 |    8131 |   12857 |  61.3 |      28 |      35 |  55.6
      Orc:1 |     130 |       0 |   0.0 |       1 |       0 |   0.0
    Abyss:1 |    2589 |       0 |   0.0 |       3 |       0 |   0.0
    Abyss:2 |    3785 |       0 |   0.0 |       8 |       0 |   0.0
            +---------+---------+-------+---------+---------+-------
